 Dungeon Crawl Stone Soup version 0.31.0-9-g3a7656b989 (webtiles) character file.

Game seed: 16948702767833206598

23 qw the Shooter (level 2, 0/14 HPs)
             Began as a Spriggan Hunter on Feb 2, 2024.
             Succumbed to their own poison gas
             ... on level 1 of the Dungeon.
             The game lasted 00:00:02 (536 turns).

qw the Shooter (Spriggan Hunter)                     Turns: 536, Time: 00:00:02

Health: 0/14       AC:  2    Str:  7    XL:     2   Next: 72%
Magic:  3/3        EV: 19    Int: 10    God:
Gold:   25         SH:  0    Dex: 18    Spells: 1/1 levels left

rFire   . . .        a - +0 shortbow
rCold   . . .        (shield currently unavailable)
rNeg    . . .        c - +0 robe
rPois   .            (helmet restricted)
rElec   .            (no cloak)
rCorr   .            (gloves unavailable)
SInv    +            (boots unavailable)
Will    .....        (no amulet)
Stlth   ++           (no ring)
HPRegen 0.22/turn    (no ring)
MPRegen 0.08/turn

%: no passive effects
@: lethally poisoned (0 -> -6), very quick
A: very small, no large weapons, unfitting armour, see invisible, speed 3
a: no special abilities


You were on level 1 of the Dungeon.
You visited 1 branch of the dungeon, and saw 1 of its levels.

You collected 25 gold pieces.


Innate Abilities, Weirdness & Mutations

You are very small and have problems with some larger weapons.
You are too small for most types of armour.
You have supernaturally acute eyesight. (SInv)
You cover ground extremely quickly. (Speed+++)


   Skills:
 - Level 1.5 Fighting
 + Level 4.3 Ranged Weapons
 - Level 4.0 Dodging
 - Level 1.5 Stealth


You had one spell level left.
You didn't know any spells.
Your spell library was empty.

Inventory:

Hand Weapons
 a - a +0 shortbow (weapon)
Armour
 c - a +0 robe (worn)
Potions
 i - a potion of curing {unknown}

Dungeon Overview and Level Annotations

Branches:
Dungeon (1/15)

Altars:


Message History

527 ||| READING scroll labelled UPRINL XOUFRIH.
As you read the scroll labelled UPRINL XOUFRIH, it crumbles to dust.
It is a scroll of enchant armour.
527 ||| ENCHANTING +0 shortbow.
Done exploring.
528 ||| READING scroll labelled CYMPOSTR MEOLU.
As you read the scroll labelled CYMPOSTR MEOLU, it crumbles to dust.
The air around you briefly surges with heat, but it dissipates.
It was a scroll of immolation.
Done exploring.
529 ||| DROPPING scroll of butterflies.
You drop a scroll of butterflies.
Done exploring.
530 ||| DROPPING scroll of poison.
You drop a scroll of poison.
Done exploring.
What level of the Dungeon? (default 1, ? - help) Sorry, I don't know how to get there.
Enter note:
Enter note:
Enter note:
Enter note:
Enter note:
Enter note:
Enter note:
Enter note:
Enter note: You are engulfed in poison gas.
You are lethally poisoned!
You feel very sick.
532 ||| Stepping ~*~*~tactically~*~*~ (cloud).
You feel sick.
There is an open door here.
Things that are here:
a scroll of poison; a scroll of butterflies; a +6 ring of intelligence
There is a lethal amount of poison in your body!
You feel very sick.
There is a lethal amount of poison in your body!
You feel sick.
There is a lethal amount of poison in your body!
You feel sick.
There is a lethal amount of poison in your body!
You die...

#.........# #.# #. #.........#
#####.####.
###'##########.......... #.#
#....0#.......... #.#
#...00#.........# #.#
#..00.#.......... #.#
#.¤¤00#####'####.
#0####0¤.0¤#####.# #.
#000.@¤0¤.¤+.....####.
##########0¤0#0000¤###........
#......0¤¤..0'..¤¤00..........
##########.0¤#¤.¤0¤##.........
#¤00########......[.. #0.0#
#.######## #000########.#
#¤¤0##.......########
#...##.###.%.........


There were no monsters in sight!

Vanquished Creatures
  4 endoplasms (D:1)
  3 giant cockroaches (D:1)
  2 goblins (D:1)
  2 quokkas (D:1)
  A ball python (D:1)
  3 bats (D:1)
  3 kobolds (D:1)
  4 rats (D:1)
22 creatures vanquished.

Notes
Turn   | Place    | Note
-------+----------+-------------------------------------------
     0 | D:1      | qw the Spriggan Hunter began the quest for the Orb.
     0 | D:1      | Reached XP level 1. HP: 10/10 MP: 2/2
     0 | D:1      | 0 ||| qw: Version: 0.3-a-155-g5e7d8dd
     0 | D:1      | 0 ||| qw: Game counter: 1582
     0 | D:1      | 0 ||| qw: Melee chars always use a shield: true
     0 | D:1      | 0 ||| qw: God list: Okawaru
     0 | D:1      | 0 ||| qw: Allow faded altars: false
     0 | D:1      | 0 ||| qw: Do Orc after clearing Dungeon:15 true
     0 | D:1      | 0 ||| qw: Do second Lair branch before Depths: true
     0 | D:1      | 0 ||| qw: Lair rune preference: random
     0 | D:1      | 0 ||| qw: Goals: Normal
     0 | D:1      | 0 ||| PLANNING D:1-11
    13 | D:1      | Reached skill level 3 in Dodging
   171 | D:1      | Reached XP level 2. HP: 14/14 MP: 3/3
   523 | D:1      | 523 ||| DROPPING +6 ring of intelligence.
   524 | D:1      | 524 ||| READING scroll labelled OLESI YVAROIN.
   525 | D:1      | 525 ||| READING 2 scrolls labelled BETSAILUMA.
   526 | D:1      | 526 ||| READING scroll labelled HUZINO EPTIER.
   527 | D:1      | 527 ||| READING scroll labelled UPRINL XOUFRIH.
   527 | D:1      | 527 ||| ENCHANTING +0 shortbow.
   528 | D:1      | 528 ||| READING scroll labelled CYMPOSTR MEOLU.
   529 | D:1      | 529 ||| DROPPING scroll of butterflies.
   530 | D:1      | 530 ||| DROPPING scroll of poison.
   532 | D:1      | 532 ||| Stepping ~*~*~tactically~*~*~ (cloud).
   534 | D:1      | HP: 3/14 [poisoned by you (poison gas)]
   535 | D:1      | HP: 1/14 [poisoned by you (poison gas)]
   536 | D:1      | Succumbed to their own poison gas

Levels and vault maps discovered:
D:1:      dpeg_arrival_arbitrary_b, layout_basic, chequers_hall_statues_wall_a

Skill      XL: |  1  2 |
---------------+-------+-----
Dodging        | 3 4 |  4.0
Fighting       | |  1.5
Ranged Weapons | |  4.3
Stealth        | |  1.5

Action                     || total
---------------------------++-------
   Fire: Shortbow          ||    56
    Use: Scroll            ||     5
 Armour: Robe              ||     1
  Dodge: Dodged            ||    12

Table legend:
 A = Non-vault XP
 B = Vault XP
 C = Vault XP percentage of total XP
 D = Non-vault monster count
 E = Vault monster count
 F = Vault count percentage of total count
                 A         B        C        D         E       F
            +---------+---------+-------+---------+---------+-------
      Total |      33 |       0 |   0.0 |      22 |       0 |   0.0
            +---------+---------+-------+---------+---------+-------
        D:1 |      33 |       0 |   0.0 |      22 |       0 |   0.0
            +---------+---------+-------+---------+---------+-------
